 Dungeon Crawl Stone Soup version 0.27.1-1-g398f81649c (webtiles) character file.

Game seed: 664750822547724743

331 pkoi the Chopper (level 6, -5/51 HPs)
             Began as a Minotaur Gladiator on Sept 20, 2021.
             Shot with an arrow by a centaur (11 damage)
             ... on level 5 of the Dungeon.
             The game lasted 00:02:49 (3459 turns).

pkoi the Chopper (Minotaur Gladiator)               Turns: 3459, Time: 00:02:50

Health: -5/51      AC:  4    Str: 20    XL:     6   Next: 26%
Magic:  5/5        EV: 12    Int:  5    God:
Gold:   149        SH:  0    Dex: 12    Spells: 5/5 levels left

rFire    . . .     SeeInvis .   a - +0 war axe
rCold    . . .     Faith    .   (no shield)
rNeg     . . .     Spirit   .   b - +0 leather armour
rPois    +         Reflect  .   c - +0 hat
rElec    .         Harm     .   (no cloak)
rCorr    .         Rampage  .   (no gloves)
Will     .....                  m - +0 pair of boots
Stlth    +.........             (no amulet)
HPRegen  0.17/turn              e - ring of poison resistance
MPRegen  0.09/turn              (no ring)

@: no status effects
A: horns 2, retaliatory headbutt
a: no special abilities


You were on level 5 of the Dungeon.
You visited 1 branch of the dungeon, and saw 5 of its levels.

You collected 149 gold pieces.

Inventory:

Hand Weapons
 a - a +0 war axe (weapon)
 n - a +1 hand axe of venom
Missiles
 d - 3 throwing nets (quivered)
 i - 43 poisoned darts
Armour
 b - a +0 leather armour (worn)
 c - a +0 hat (worn)
 m - a +0 pair of boots (worn)
Jewellery
 e - a ring of poison resistance (left hand)
Wands
 s - a wand of mindburst (14)
Scrolls
 f - 6 scrolls of identify {unknown}
 g - 3 scrolls of magic mapping {unknown}
 p - a scroll of amnesia {unknown}
 q - a scroll of teleportation
 r - 2 scrolls of immolation {unknown}
 t - a scroll of fear {unknown}
 w - a scroll of torment {unknown}
Potions
 h - a potion of curing {unknown}
 j - a potion of lignification {unknown}
 k - a potion of might {unknown}
 l - 2 potions of haste {unknown}
 o - 4 potions of invisibility {unknown}
 u - a potion of berserk rage {unknown}
 v - a potion of mutation {unknown}


   Skills:
 + Level 3.3 Fighting
 + Level 7.5 Axes
 - Level 2.0 Throwing
 + Level 2.0 Armour
 - Level 3.2 Dodging
 + Level 1.3 Evocations


You had 5 spell levels left.
You didn't know any spells.
Your spell library contained the following spells:

 Spells                   Type           Power      Damage    Failure   Level
 Sting                    Tmut/Pois      0%         1d3       52%         1
 Poisonous Vapours        Pois/Air       0%         N/A       67%         2
 Olgreb's Toxic Radiance  Pois           0%         N/A       99%         4


Dungeon Overview and Level Annotations

Branches:
Dungeon (5/15)
 Temple: D:4-7

Altars:
Trog


Innate Abilities, Weirdness & Mutations

You have a pair of horns on your head.
You reflexively headbutt those who attack you in melee.


Message History

Increase (S)trength, (I)ntelligence, or (D)exterity?
You feel stronger.
Found an amethyst potion.
You see here a +0 broad axe.
Unknown command.
Found 20 gold pieces.
o - 4 amethyst potions (gained 1)
Found 2 scrolls labelled FOLIST LIKOFOL.
You now have 149 gold pieces (gained 20).
Found a stone staircase leading down.
Found an escape hatch in the ceiling.
g - 3 scrolls labelled FOLIST LIKOFOL (gained 2)
Found a stone staircase leading up.
Found 5 gold pieces.
A centaur comes into view.
The centaur shouts!
The centaur wields a +0 shortbow.
The centaur shoots an arrow.
The arrow hits you!
The centaur shoots an arrow.
The arrow misses you.
The centaur shoots an arrow.
The arrow hits you!
You hear an angry hiss.
The centaur shoots an arrow.
The arrow hits you.
A water moccasin comes into view.
The water moccasin hisses angrily.
You miss the water moccasin. The water moccasin closely misses you.
The water moccasin barely misses you.
The centaur shoots an arrow.
The arrow hits you!
* * * LOW HITPOINT WARNING * * *
You closely miss the water moccasin.
The centaur shoots an arrow.
The arrow hits you.
* * * LOW HITPOINT WARNING * * *
The water moccasin bites you.
* * * LOW HITPOINT WARNING * * *
You hit the water moccasin.
The water moccasin is lightly wounded.
The centaur shoots an arrow.
The arrow misses you.
The arrow hits the water moccasin!
The water moccasin bites you.
* * * LOW HITPOINT WARNING * * *
The centaur shoots an arrow.
The arrow hits you!
You die...

#................>#..........#
..................#..........###
#....................###.......#
#.........c..c..##..###......###
<..........#.....#.. #........###
........#..##.#.###. #.##....#..#
.......$##..#....# #...........
.........#.##.##.# ##..........
..............##@# #...#......#
.........8.#####.S.......#......#
..c........# #.......#......###
.......8.8.. ......#####....# .
##.....# #....## ##.....# #..###
#.....#####...# ......#<#.....#
..........>...#


You could see a water moccasin and a centaur.

Vanquished Creatures
  An ice beast (D:5)
  A water moccasin zombie (D:5)
  2 hounds (D:4)
  4 adders
  A worm (D:4)
  5 dart slugs
  7 orcs
  2 bats (D:3)
  4 endoplasms
  2 giant cockroaches
  5 goblins
  6 hobgoblins
  8 jackals
  6 kobolds
  4 quokkas
  4 ball pythons
  2 frilled lizards (D:2)
  5 rats
69 creatures vanquished.

Notes
Turn   | Place    | Note
-------+----------+-------------------------------------------
     0 | D:1      | pkoi the Minotaur Gladiator began the quest for the Orb.
     0 | D:1      | Reached XP level 1. HP: 18/18 MP: 0/0
    84 | D:1      | Reached skill level 4 in Axes
   303 | D:1      | Reached XP level 2. HP: 25/25 MP: 1/1
  1086 | D:2      | Reached skill level 5 in Axes
  1086 | D:2      | Reached XP level 3. HP: 24/30 MP: 2/2
  1267 | D:2      | Found a faded altar of an unknown god.
  1269 | D:2      | Noticed an eye of devastation
  1269 | D:2      | Noticed a great orb of eyes
  1271 | D:2      | Noticed a great orb of eyes
  1271 | D:2      | Noticed an eye of devastation
  1282 | D:2      | You fall into a shaft and drop 1 floor!
  1282 | D:3      | Found a bloodstained altar of Trog.
  1654 | D:3      | Reached XP level 4. HP: 37/37 MP: 3/3
  1656 | D:3      | Reached skill level 6 in Axes
  2563 | D:4      | Reached skill level 7 in Axes
  2563 | D:4      | Reached XP level 5. HP: 38/42 MP: 4/4
  3303 | D:5      | Entered Level 5 of the Dungeon
  3328 | D:5      | Reached skill level 1 in Armour
  3399 | D:5      | Noticed an ice beast
  3408 | D:5      | Killed an ice beast
  3409 | D:5      | Reached skill level 1 in Evocations
  3409 | D:5      | Reached XP level 6. HP: 51/51 MP: 5/5
  3456 | D:5      | Noticed a water moccasin
  3459 | D:5      | Shot with an arrow by a centaur

Illustrated notes

Levels and vault maps discovered:
D:1:      lightli_arrival_quake, layout_basic
D:2:      layout_rooms, hellmonk_ecumenical_altar_watching_god,
          kennysheep_generic_room_13
D:3:      layout_rooms, general_overflow_altar
D:4:      layout_gridville
D:5:      layout_cave_pools, nicolae_tso_besieged_by_evil, serial_column_ruins,
          column_ruins_hut_ruined, column_ruins_hut_pillars,
          column_ruins_columns_corner, column_ruins_open_medium,
          column_ruins_columns_T, column_ruins_grid_2, minmay_fractal_squares_5

Skill      XL: |  1  2  3  4  5 |
---------------+----------------+-----
Axes           | 4 5 7 |  7.5
Armour         | 2 |  2.0
Fighting       | 3 |  3.3
Evocations     | 1 |  1.3
Throwing       | |  2.0
Dodging        | |  3.2

Action                   |  1- 3 |  4- 6 || total
-------------------------+-------+-------++-------
Melee: War axe           |    66 |    70 ||   136
       Headbutt          |     7 |     9 ||    16
  Use: Scroll            |     2 |       ||     2
 Stab: Sleeping          |       |     1 ||     1
Armor: Leather armour    |    27 |    17 ||    44
Dodge: Dodged            |    54 |    52 ||   106
